 Dungeon Crawl Stone Soup version 0.18.1-50-g88ac8fd (webtiles) character file.

137 varam the Sneak (level 5, 24/24 HPs)
             Began as a Spriggan Enchanter on Oct 21, 2016.
             Quit the game on level 3 of the Dungeon.
             The game lasted 00:06:25 (3384 turns).

varam the Sneak (Spriggan Enchanter)                Turns: 3384, Time: 00:06:27

Health: 24/24      AC:  3    Str:  4    XL:     5   Next: 0%
Magic:  10/10      EV: 19    Int: 18    God:
Gold:   131        SH:  0    Dex: 16    Spells: 3 memorised, 3 levels left

rFire  . . .     SeeInvis +     a - +1 dagger
rCold  . . .     Gourm    .     b - +1 robe
rNeg   . . .     Faith    .     (shield restricted)
rPois  .         Spirit   .     (helmet restricted)
rElec  .         Dismiss  .     (no cloak)
rCorr  .         Reflect  .     (gloves unavailable)
SustAt .         Harm     .     (boots unavailable)
MR     .....                    (no amulet)
Stlth  ++++......               (no ring)
                                (no ring)

@: very quick, not resistant to hostile enchantments, stealthy
A: unfitting armour, see invisible, herbivore 3, speed 3, slow metabolism 2
a: no special abilities


You were on level 3 of the Dungeon.
You were not hungry.

You visited 1 branch of the dungeon, and saw 4 of its levels.

You collected 131 gold pieces.

Inventory:

Hand Weapons
 a - a +1 dagger (weapon)
Armour
 b - a +1 robe (worn)
Scrolls
 e - 2 scrolls of identify {unknown}
 g - 3 scrolls of teleportation {unknown}
 h - 2 scrolls of noise {unknown}
 i - 2 scrolls of magic mapping {unknown}
 l - 2 scrolls of recharging {unknown}
Potions
 f - 2 potions of curing {unknown}
 j - a potion of invisibility {unknown}
 k - a potion of might {unknown}
Books
 c - a book of Maledictions

   Spells                             Type                      Level
   a - Corona                         Hexes                        1
   b - Ensorcelled Hibernation        Hexes/Ice                    2
   c - Confuse                        Hexes                        3
   d - Tukima's Dance                 Hexes                        3
   e - Dazzling Spray                 Conjuration/Hexes            3
Comestibles
 d - 3 bread rations


   Skills:
 - Level 1.4 Short Blades
 - Level 3.6 Dodging
 + Level 7.9 Stealth
 - Level 2.9 Spellcasting
 - Level 3.9 Hexes


You had 3 spell levels left.
You knew the following spells:

 Your Spells              Type           Power        Failure   Level  Hunger
a - Ensorcelled Hibernat  Hex/Ice        #.....       12%         2    ##.....
b - Corona                Hex            ###....      3%          1    None
c - Confuse               Hex            ###.....     12%         3    ###....


Dungeon Overview and Level Annotations

Branches:
Dungeon (4/15)
 Temple: D:4-7

Altars:
Dithmenos
Makhleb


Innate Abilities, Weirdness & Mutations

You are tiny and cannot use many weapons and most armour.
You have supernaturally acute eyesight.
You are a herbivore.
You cover ground extremely quickly.
You need consume almost no food.


Message History

You now have 131 gold pieces (gained 18).
Found a stone staircase leading down.
Found 10 poisoned needles.
Found a stone staircase leading down.
Found a scroll labeled ELIUTE WOISKID.
Found a scroll labeled AMONEUMP ZUCO.
Found a bread ration.
Found a scroll labeled PIEHI FENYGH.
There is a stone staircase leading down here.
You climb downwards.
Found a beef jerky, a scroll labeled TIOPUO JUDEIS and 16 arrows.
There is a stone staircase leading up here.
Found a stone staircase leading down.
l - 2 scrolls labeled TIOPUO JUDEIS (gained 1)
Found a stone staircase leading up.
Found 24 arrows.
There is a stone staircase leading up here.
You climb upwards.
Found a dagger.
There is a stone staircase leading down here.
Are you sure you want to abandon this character and quit the game? (Confirm with "yes".)

###### #.# ###_###
#.# #8...8#
#.#########
##.....####.##.......
8.)...8#.........>..
#.....####.##.####..
#8...8# #.##.## ..
##.....####.....## ..
#8..@..8#............
##(....##.####..#####
#8...8##.# #..#
###>####.# #?.#
#######.# # ##......#
########


There were no monsters in sight!

Vanquished Creatures
  The ghost of varam the Sneak, a weakling SpEn of Pakellas (D:3)
  3 gnolls (D:2)
  2 adders (D:2)
  5 worms
  5 dart slugs
  2 orcs
  10 bats
  4 giant cockroaches
  9 goblins
  5 hobgoblins
  2 giant newts (D:1)
  7 kobolds
  3 rats (D:1)
58 creatures vanquished.

Notes
Turn   | Place    | Note
--------------------------------------------------------------
     0 | D:1      | varam the Spriggan Enchanter began the quest for the Orb.
     0 | D:1      | Reached XP level 1. HP: 9/9 MP: 5/5
   265 | D:1      | Reached XP level 2. HP: 13/13 MP: 4/6
  1095 | D:2      | Reached skill level 5 in Stealth
  1099 | D:2      | Learned a level 2 spell: Ensorcelled Hibernation
  1165 | D:2      | Reached XP level 3. HP: 15/16 MP: 6/8
  1170 | D:2      | Learned a level 3 spell: Confuse
  2365 | D:2      | Reached skill level 6 in Stealth
  2380 | D:2      | Reached XP level 4. HP: 21/21 MP: 5/9
  2698 | D:2      | Reached skill level 7 in Stealth
  2902 | D:3      | Found a shadowy altar of Dithmenos.
  3220 | D:3      | Noticed varam's ghost (weakling SpEn)
  3245 | D:3      | Killed varam's ghost
  3245 | D:3      | Reached XP level 5. HP: 17/24 MP: 2/10
  3249 | D:3      | Found a burning altar of Makhleb.
  3384 | D:3      | Quit the game

Skill      XL: |  1  2  3  4 |
---------------+-------------+-----
Stealth        | 5 6 7 |  7.9
Short Blades   | |  1.4
Dodging        | |  3.6
Spellcasting   | |  2.9
Hexes          | |  3.9

Action                   |  1- 3 |  4- 6 || total
-------------------------+-------+-------++-------
Melee: Dagger            |   123 |    71 ||   194
 Cast: Corona            |    19 |       ||    19
       Ensorcelled Hiber |     5 |    16 ||    21
       Confuse           |     3 |     4 ||     7
 Stab: Sleeping          |    18 |    16 ||    34
       Confused          |     1 |     1 ||     2
       Distracted        |       |     1 ||     1
  Eat: Bread ration      |       |     1 ||     1
Armor: Robe              |    14 |    11 ||    25
Dodge: Dodged            |    81 |    70 ||   151
